Unix NetHack Version 5.0.0-0 post-release - last build Jul 14 2026 02:55:29 (1809b74e8187c3a3585e283601c3028b46cbbdcb,branch:main).

Game began 2026-07-15 00:06:14, ended 2026-07-15 00:30:20.

Jinnora, neutral female human Wizard

    -----
    |(...##  -----        ---------
    |...| `##....|        -........#############
    |`..|    |.[..#       |.......|            ##
    |...|    |...|#       |........###          ##
    -.---    |...|##      |...>...|  '           ####
   ###       -----#       |.......|  x@e            ########
   #              ##      -.---.-.-    #                   ##
   #               #           ####                         ##
   #               #            # ##                       ###--------
   #               #            #  #                        # |......|
   #               #            ## #                        ##-......|
  ##               #   ----------.-|-                         |...<..|
  #                #   |............| ##                      --------
 -|-----           ####|............| #
 |.`...|              #|............|##
 |......#########*#####-............-#
 |.._..|               --------------
 -------

Jinnora the Conjurer      St:15 Dx:11 Co:15 In:18 Wi:11 Ch:9  Neutral
Dlvl:4  $:22 HP:0(36) Pw:42(48) AC:8  Xp:5/232 T:2676  Weak    

Latest messages:
 You avoid harm.
 The grid bug bites!
 You avoid harm.
 The grid bug bites!
 You get zapped!
 The grid bug bites!
 You avoid harm.
 The grid bug bites!
 You avoid harm.
 The grid bug bites!
 You get zapped!
 The grid bug bites!
 You get zapped!
 The grid bug bites!
 You avoid harm.
 The paper golem hits!
 The grid bug bites!
 You get zapped!
 The paper golem hits!
 The grid bug bites!
 You avoid harm.
 The paper golem hits!
 The grid bug bites!
 You get zapped!
 The paper golem hits!
 The grid bug bites!
 You avoid harm.
 The paper golem hits!
 The grid bug bites!
 You get zapped!
 The paper golem hits!
 The grid bug bites!
 You get zapped!
 The paper golem hits!
 The grid bug bites!
 You get zapped!
 The paper golem hits!
 The grid bug bites!
 You get zapped!
 The paper golem hits!
 The grid bug bites!
 You avoid harm.
 The paper golem hits!
 The grid bug bites!
 You avoid harm.
 The paper golem hits!
 The grid bug bites!
 You get zapped!
 You die...
 Do you want your possessions identified? [ynq] (y) q

Inventory:
 Coins    ('$')
  $ - 22 gold pieces
 Weapons  (')')
  H - an uncursed +0 dagger
  a - a blessed +1 quarterstaff (weapon in hands)
 Armor    ('[')
  p - an uncursed +0 pair of elven boots (being worn)
  r - an uncursed +0 pair of water walking boots
  b - an uncursed +0 cloak of magic resistance (being worn)
  R - an uncursed +0 dwarvish mithril-coat
 Comestibles  ('%')
  A - 2 uncursed food rations
  D - an uncursed lembas wafer
  w - an uncursed pancake
  q - 2 uncursed lichen corpses
 Scrolls  ('?')
  j - an uncursed scroll of confuse monster
  F - an uncursed scroll of destroy armor
  t - a cursed scroll of fire
  i - a blessed scroll of food detection
  C - a cursed scroll of identify
  P - 2 uncursed scrolls of light
  x - an uncursed scroll of magic mapping
  s - a blessed scroll of remove curse
  k - an uncursed scroll of remove curse
  N - an uncursed scroll of taming
 Spellbooks  ('+')
  l - a blessed spellbook of force bolt
  m - an uncursed spellbook of light
 Potions  ('!')
  h - an uncursed potion of confusion
  O - an uncursed potion of enlightenment
  f - an uncursed potion of fruit juice
  G - an uncursed potion of see invisible
  u - an uncursed potion of sickness
  V - an uncursed potion of speed
 Rings    ('=')
  e - an uncursed ring of cold resistance
  E - an uncursed -1 ring of protection
  y - an uncursed ring of protection from shape changers
  d - an uncursed ring of teleport control
 Wands    ('/')
  W - an uncursed wand of digging (0:5)
  c - an uncursed wand of opening (0:7)
  M - an uncursed wand of teleportation (0:6)
 Tools    ('(')
  U - an empty uncursed bag of holding
  n - an uncursed magic marker (0:22)
  g - an uncursed +0 pick-axe
  Q - an uncursed skeleton key
 Gems/Stones  ('*')
  o - an uncursed agate stone
  L - an uncursed amethyst stone
  z - an uncursed opal
  B - an uncursed topaz stone
  T - an uncursed worthless piece of black glass
  K - an uncursed worthless piece of red glass
  v - an uncursed worthless piece of white glass
  I - a cursed worthless piece of yellowish brown glass

Jinnora the Wizard's attributes:

Background:
 You were a Conjurer, a level 5 female human Wizard.
 You were neutral, on a mission for Thoth
 who was opposed by Ptah (lawful) and Anhur (chaotic).
 You were right-handed.
 You were in the Dungeons of Doom, on level 4.
 You entered the dungeon 2676 turns ago.
 It was the midnight hour.
 There was a new moon in effect when your adventure ended.
 You had 232 experience points, 88 more were needed to attain level 6.

Basics:
 You had 0 out of 36 hit points.
 You had 42 out of 48 energy points (spell power).
 Your armor class was 8.
 Your wallet contained 22 zorkmids.
 Autopickup was off.

Final Characteristics:
 Your strength was 15 (base:16, limit:18/100).
 Your dexterity was 11 (limit:18).
 Your constitution was 15 (limit:18).
 Your intelligence was 18 (limit:18).
 Your wisdom was 11 (limit:18).
 Your charisma was 9 (limit:18).

Final Status:
 You were weak from severe hunger.
 You were unencumbered.
 You were wielding a quarterstaff.
 You had basic skill with quarterstaff.

Final Attributes:
 You were piously aligned.
 You were magic-protected.
 You were stealthy.
 You were warded.
 You are dead.

Miscellaneous:
 You encountered 1 bones level.
 Total elapsed playing time was 24 minutes and 4 seconds.

Major events:
 Turn
    1: Jinnora the neutral female human Wizard entered the dungeon
  739: entered the Gnomish Mines
  754: attained the rank of Conjurer (level 3)
 2676: killed by a grid bug, while frozen by a floating eye's gaze

Spells:
 Name                 Level Category     Fail Retention
 force bolt             1   attack         0%   81%-90%
 light                  1   divination     0%  76%-100%

Skills:
 Fighting Skills
   bare handed combat [Unskilled]
   riding             [Unskilled]
 Weapon Skills
   dagger             [Unskilled]
   knife              [Unskilled]
   axe                [Unskilled]
   short sword        [Unskilled]
   club               [Unskilled]
   mace               [Unskilled]
   quarterstaff       [Basic]
   polearms           [Unskilled]
   spear              [Unskilled]
   trident            [Unskilled]
   sling              [Unskilled]
   dart               [Unskilled]
   shuriken           [Unskilled]
 Spellcasting Skills
   attack spells      [Basic]
   healing spells     [Unskilled]
   divination spells  [Unskilled]
   enchantment spells [Basic]
   clerical spells    [Unskilled]
   escape spells      [Unskilled]
   matter spells      [Unskilled]

Voluntary challenges:
 Character rerolling was not enabled.
 You never genocided any monsters.
 You never polymorphed an object.
 You never changed form.
 You used no wishes.
Achievements:
 You entered a shop.
 You entered the Gnomish Mines.
 You attained the rank of Conjurer.

 The Dungeons of Doom: levels 1 to 5
    Level 1:
       A fountain.
    Level 2:
       A potion shop, some fountains, a sink.
    Level 3:
       An altar, a grave.
       Stairs down to The Gnomish Mines.
    Level 4: <- You were here.
       An altar.
       Final resting place for
          you, killed by a grid bug, while frozen by a floating eye's gaze.
    Level 5:
       Final resting place for
          Langmuir-Kni-Hum-Mal-Law, killed by a giant spider.
 The Gnomish Mines: levels 4 to 5
    Level 4:
    Level 5:


Vanquished creatures:
  2 gnome leaders
  a straw golem
  a floating eye
  a kitten
  3 dwarves
  3 orc zombies
 an iguana
 an acid blob
  a gas spore
  a hobbit
  a large kobold
  5 cave spiders
  a green mold
  8 gnomes
  a gnome zombie
  2 geckos
  2 jackals
  a fox
  a goblin
  3 grid bugs
  4 lichens
  a kobold zombie
  4 newts
49 creatures vanquished.

No species were genocided or became extinct.

Game over:
                       ----------
                      /          \
                     /    REST    \
                    /      IN      \
                   /     PEACE      \
                  /                  \
                  |     Jinnora      |
                  |      22 Au       |
                  | killed by a grid |
                  |       bug        |
                  |                  |
                  |                  |
                  |       2026       |
                 *|     *  *  *      | *
        _________)/\\_//(\/(/\)/\//\/|_)_______

Goodbye Jinnora the Wizard...

You died in The Dungeons of Doom on dungeon level 4 with 1158 points,
and 22 pieces of gold, after 2676 moves.
You were level 5 with a maximum of 36 hit points when you died.

